 Dungeon Crawl Stone Soup version 0.28.0 (webtiles) character file.

Game seed: 3502940424536831703

4524 jfcaron the Summoner (level 10, 0/74 HPs)
             Began as a Barachi Summoner on Feb 6, 2022.
             Was an Elder of Makhleb.
             Slain by a meliai (10 damage)
             ... on level 8 of the Dungeon.
             The game lasted 00:27:28 (7001 turns).

jfcaron the Summoner (Barachi Summoner)             Turns: 7001, Time: 00:27:29

Health: 0/74       AC:  9    Str:  9    XL:     10   Next: 39%
Magic:  6/20       EV: 13    Int: 19    God:    Makhleb [****..]
Gold:   354        SH:  0    Dex: 14    Spells: 4/23 levels left

rFire   . . .      SeeInvis .   g - +1 glaive
rCold   . . .      Faith    .   (shield currently unavailable)
rNeg    . . .      Spirit   .   w - +2 robe {Will+}
rPois   .          Reflect  .   (no helmet)
rElec   .          Harm     .   t - +2 cloak
rCorr   .          Rampage  .   e - +1 pair of gloves
Will    +....                   (no boots)
Stlth   ++........              b - amulet of regeneration
HPRegen 1.02/turn               (no ring)
MPRegen 0.17/turn               (no ring)

@: lethally poisoned (0 -> -7), slow
A: amphibious, slowness 1, strong legs 1, +LOS
a: Hop, Renounce Religion, Minor Destruction, Lesser Servant of Makhleb, Major
Destruction


You were on level 8 of the Dungeon.
You worshipped Makhleb.
Makhleb was greatly pleased with you.
You visited 1 branch of the dungeon, and saw 8 of its levels.

You collected 354 gold pieces.

Inventory:

Hand Weapons
 g - a +1 glaive (weapon)
Missiles
 a - 4 atropa-tipped darts
 v - 5 silver javelins {!f}
 y - 2 throwing nets {!f}
 A - 19 poisoned darts
 B - a curare-tipped dart {!f}
Armour
 e - a +1 pair of gloves (worn)
 i - a +2 leather armour of fire resistance
 n - a +1 scale mail of poison resistance
 t - a +2 cloak (worn)
 w - a +2 robe of willpower (worn)
Magical Staves
 m - a staff of death
 D - a staff of cold
Jewellery
 b - an amulet of regeneration (around neck)
Wands
 r - a wand of acid (17)
Scrolls
 c - 2 scrolls of vulnerability
 j - a scroll of amnesia
 l - 2 scrolls of blinking
 s - 2 scrolls of enchant weapon
 E - 2 scrolls of teleportation
Potions
 f - a potion of might
 h - a potion of cancellation
 k - a potion of curing
 o - a potion of resistance
 q - a potion of flight
 u - a potion of attraction
 x - a potion of lignification
 z - a potion of ambrosia {unknown}
 C - 2 potions of brilliance


   Skills:
 - Level 5.0 Fighting
 - Level 2.0 Armour
 - Level 3.0 Dodging
 - Level 2.0 Stealth
 - Level 7.0 Spellcasting
 + Level 12.7 Summonings
 - Level 5.0 Air Magic
 + Level 4.8 Invocations


You had 4 spell levels left.
You knew the following spells:

 Your Spells              Type           Power      Damage    Failure   Level
a - Summon Small Mammal   Summ           100%       N/A       1%          1
b - Call Imp              Summ           53%        N/A       1%          2
c - Call Canine Familiar  Summ           53%        N/A       1%          3
d - Summon Lightning Spi  Summ/Air       40%        N/A       2%          4
e - Summon Guardian Gole  Hex/Summ       30%        N/A       2%          3
f - Summon Cactus Giant   Summ           26%        N/A       9%          6

Your spell library contained the following spells:

 Spells                   Type           Power      Damage    Failure   Level
 Shock                    Conj/Air       64%        1d7       3%          1
 Swiftness                Air            25%        N/A       3%          3
 Animate Skeleton         Necr           12%        N/A       10%         1
 Apportation              Tloc           12%        N/A       10%         1
 Beastly Appendage        Tmut           12%        N/A       10%         1
 Freeze                   Ice            24%        1d5       10%         1
 Sting                    Tmut/Pois      24%        1d4       10%         1
 Airstrike                Air            12%        N/A       13%         4
 Sublimation of Blood     Necr           6%         N/A       16%         2
 Wereblood                Tmut           6%         N/A       16%         2
 Mephitic Cloud           Conj/Pois/Air  12%        N/A       16%         3
 Ignite Poison            Fire/Tmut/Pois 6%         N/A       30%         3
 Spider Form              Tmut/Pois      6%         N/A       30%         3
 Summon Forest            Summ/Tloc      15%        N/A       21%         5
 Summon Mana Viper        Hex/Summ       30%        N/A       21%         5
 Summon Hydra             Summ           26%        N/A       43%         7
 Freezing Cloud           Conj/Ice/Air   6%         6-21      82%         5


Dungeon Overview and Level Annotations

Branches:
Dungeon (8/15)             Temple (0/1) D:7
   Lair: D:8-11

Altars:
Ashenzari
Cheibriados
Gozag
Makhleb
Ru
Trog
Uskayaw

Shops:
D:3 (


Innate Abilities, Weirdness & Mutations

You are amphibious.
You cover ground slowly.
You can hop short distances.
You have an extended range of vision and can be seen from far away.


Message History

The meliai mumbles some strange prayers to its god against you.
Something smites you!
The death knight hits your wolf with a +0 glaive!!
Your wolf bites the death knight.
Your wolf suffers a backlash!
The meliai hits your lightning spire with a +0 war axe!
Your lightning spire is destroyed!
Your lightning spire disappears in a puff of smoke!
The meliai hits your cactus giant with a +0 war axe!
The meliai hits your guardian golem but does no damage.
The meliai hits your wolf with a +0 war axe!
Your wolf dies!
Your wolf's corpse disappears in a puff of smoke!
Your guardian golem is destroyed!
Your guardian golem disappears in a puff of smoke!
Your cactus giant hits the meliai with a +0 giant spiked club.
You could not reach far enough!
The meliai hits you with a +0 war axe!
The meliai hits your cactus giant with a +0 war axe.
The meliai completely misses you.
The meliai mumbles some strange prayers to its god against you.
Something smites you!
Unknown command.
The death knight's dark mirror aura disappears.
The meliai hits you with a +0 war axe.
The meliai hits your cactus giant with a +0 war axe!
The meliai stings you.
You are poisoned.
The meliai poisons you!
Your cactus giant closely misses the meliai.
The death knight hits you from afar with a +0 glaive!
* * * LOW HITPOINT WARNING * * *
The meliai hits you with a +0 war axe!
* * * LOW HITPOINT WARNING * * *
The meliai hits your cactus giant with a +0 war axe!
The meliai barely misses you.
There is a stone staircase leading up, spattered with blood here.
* * * LOW HITPOINT WARNING * * *
You feel very sick. The meliai hits you with a +0 war axe!
You die...

# #.# #...#
##.....#
###C......#
#@yp......'
###....!..#
##.....#
#...# #.# #


You could see a death knight, a meliai (ally target) and a friendly cactus giant
(summoned).

Vanquished Creatures
  Harold (D:7)
  Grinder (D:3)
  4 yaks (D:7)
  A water moccasin (D:6)
  3 ice beasts
  A black bear (D:4)
  A sky beast (D:5)
  3 ogres
  2 necrophages
  A centaur (D:7)
  A kobold brigand (D:4)
  2 phantoms
  Blork the orc (D:4)
  3 bullfrogs
  5 scorpions
  2 water moccasin zombies
  The ghost of oldriver the Skirmisher, a weakling GrFi (D:4)
  3 centaur zombies
  4 centaur skeletons
  3 hounds
  2 orc priests (D:6)
  A gnoll shaman (D:6)
  A bullfrog skeleton (D:4)
  2 jellies
  3 iguanas
  Ijyb (D:5)
  An orc wizard (D:6)
  4 scorpion zombies (D:4)
  A killer bee zombie (D:5)
  A hound zombie (D:4)
  16 gnolls
  11 adders
  A white imp (D:7)
  An ufetubus (D:7)
  2 adder zombies (D:4)
  An adder skeleton (D:4)
  3 worms
  A dart slug (D:1)
  25 orcs
  8 ball pythons
  2 bats
  5 endoplasms
  2 giant cockroaches
  10 goblins
  8 hobgoblins
  5 quokkas
  4 frilled lizards
  A jackal zombie (D:4)
  25 kobolds
  6 rats
  69 plants (D:4)
  5 withered plants (D:4)
271 creatures vanquished.

Notes
Turn   | Place    | Note
-------+----------+-------------------------------------------
     0 | D:1      | jfcaron the Barachi Summoner began the quest for the Orb.
     0 | D:1      | Reached XP level 1. HP: 13/13 MP: 3/3
   213 | D:1      | Reached XP level 2. HP: 14/19 MP: 3/5
   229 | D:1      | Found a faded altar of an unknown god.
   235 | D:1      | Prayed at the altar of an unknown god.
   235 | D:1      | Became a worshipper of Makhleb the Destroyer
   235 | D:1      | Reached * piety under Makhleb
   280 | D:1      | Reached skill level 5 in Summonings
   295 | D:1      | Learned a level 2 spell: Call Imp
   795 | D:1      | Reached XP level 3. HP: 24/24 MP: 6/6
   840 | D:1      | Reached skill level 1 in Armour
  1100 | D:2      | Found a broken altar of Ashenzari.
  1228 | D:2      | Learned a level 3 spell: Call Canine Familiar
  1256 | D:2      | Reached XP level 4. HP: 29/30 MP: 2/8
  1494 | D:2      | Reached XP level 5. HP: 35/35 MP: 3/10
  1527 | D:2      | Got Witchcraft for Beginners
  1639 | D:2      | Reached ** piety under Makhleb
  1918 | D:3      | Noticed Grinder
  1931 | D:3      | Reached skill level 6 in Summonings
  1950 | D:3      | Killed Grinder
  1951 | D:3      | Reached skill level 7 in Summonings
  1951 | D:3      | Reached XP level 6. HP: 35/41 MP: 1/13
  2089 | D:3      | Found Faimihawk's Weapon Boutique.
  2512 | D:3      | You fall into a shaft and drop 2 floors!
  2512 | D:5      | Entered Level 5 of the Dungeon
  2594 | D:5      | Reached skill level 5 in Spellcasting
  2594 | D:5      | Reached XP level 7. HP: 31/46 MP: 14/14
  2628 | D:5      | Learned a level 4 spell: Summon Lightning Spire
  2686 | D:5      | Reached skill level 1 in Air Magic
  2748 | D:5      | Reached skill level 8 in Summonings
  2884 | D:4      | Noticed Blork the orc
  2894 | D:4      | Killed Blork the orc
  3062 | D:4      | Reached *** piety under Makhleb
  3069 | D:4      | Reached XP level 8. HP: 52/52 MP: 7/15
  3090 | D:4      | Reached skill level 9 in Summonings
  3094 | D:4      | Learned a level 3 spell: Summon Guardian Golem
  3434 | D:4      | Found a runed translucent gate.
  3434 | D:4      | Found a runed translucent gate.
  3434 | D:4      | Found a runed translucent gate.
  3435 | D:4      | Noticed oldriver's ghost (weakling GrFi)
  3674 | D:4      | Reached skill level 5 in Air Magic
  4113 | D:4      | Reached **** piety under Makhleb
  4279 | D:4      | Killed oldriver's ghost
  4397 | D:5      | Found a snail-covered altar of Cheibriados.
  4397 | D:5      | Noticed Ijyb
  4401 | D:5      | Reached skill level 10 in Summonings
  4428 | D:5      | Killed Ijyb
  4443 | D:5      | Reached skill level 1 in Fighting
  4744 | D:5      | Reached XP level 9. HP: 61/61 MP: 12/18
  4751 | D:5      | Learned a level 6 spell: Summon Cactus Giant
  5202 | D:6      | Found an opulent altar of Gozag.
  5952 | D:6      | Reached skill level 11 in Summonings
  6016 | D:6      | Found a bloodstained altar of Trog.
  6045 | D:6      | Reached skill level 1 in Invocations
  6309 | D:7      | Reached skill level 5 in Fighting
  6345 | D:7      | Found a hide-covered altar of Uskayaw.
  6486 | D:7      | Found a sacrificial altar of Ru.
  6586 | D:7      | Reached XP level 10. HP: 73/74 MP: 12/20
  6589 | D:7      | Reached skill level 12 in Summonings
  6695 | D:7      | Noticed Harold
  6709 | D:7      | Killed Harold
  6781 | D:7      | Found a staircase to the Ecumenical Temple.
  6990 | D:8      | Noticed a death knight
  7000 | D:8      | HP: 14/74 [meliai (7)]
  7001 | D:8      | Slain by a meliai

Illustrated notes

Levels and vault maps discovered:
D:1:      dpeg_arrival_chambers_temple_mockup, layout_loops_corners,
          hellmonk_ecumenical_altar_lost_god
D:2:      layout_basic, basic_altar
D:3:      layout_basic, serial_shops, nicolae_shop_behind_doors, uniq_grinder
D:4:      kennysheep_kobold_camp, layout_loops_corners, gammafunk_ghost_split,
          serial_undead, serial_undead_b, serial_undead_c, serial_undead_f,
          serial_undead_b, serial_undead_b, uniq_blork_the_orc
D:5:      layout_basic, mainiacjoe_overflow_paths, nicolae_sextant,
          grunt_decor_cap, grunt_ministairs_5, amcnicky_mini_pool_small,
          uniq_ijyb
D:6:      layout_basic, kennysheep_little_box,
          nicolae_gozag_cash_rules_everything_around_me
D:7:      layout_gridville, nicolae_ru_the_path_less_chosen,
          mainiacjoe_overflow_surrounded_room, minmay_temple_entry_antechambers,
          uniq_harold
D:8:      minmay_diamond_stairs, layout_rooms, gammafunk_temple_overflow_arena,
          mainiacjoe_overflow_six_doors_small, small_statue_intersection,
          minmay_misc_feat_enclosed, minivault_12, uniq_pikel

Skill      XL: |  1  2  3  4  5  6  7  8  9 10 |
---------------+-------------------------------+-----
Stealth        | 2 |  2.0
Summonings     | 5 7 8 10 11 12 | 12.7
Armour         | 1 2 |  2.0
Dodging        | 3 |  3.0
Spellcasting   | 3 4 5 6 7 |  7.0
Air Magic      | 3 5 |  5.0
Fighting       | 1 5 |  5.0
Invocations    | 3 4 |  4.8

Action                   |  1- 3 |  4- 6 |  7- 9 | 10-12 || total
-------------------------+-------+-------+-------+-------++-------
Melee: Unarmed           |     8 |       |       |       ||     8
       Glaive            |    45 |    91 |   185 |    13 ||   334
Throw: Dart              |       |       |     1 |       ||     1
 Cast: Summon Small Mamm |    18 |    14 |    23 |     3 ||    58
       Call Imp          |     4 |     9 |    19 |     2 ||    34
       Call Canine Famil |       |     8 |    30 |     3 ||    41
       Summon Lightning  |       |       |    12 |     2 ||    14
       Summon Guardian G |       |       |     5 |     1 ||     6
       Summon Cactus Gia |       |       |       |     1 ||     1
Evoke: Wand              |       |     1 |     3 |       ||     4
  Use: Scroll            |     4 |       |     8 |     4 ||    16
 Stab: Sleeping          |     5 |     5 |     2 |       ||    12
       Distracted        |     1 |       |     9 |       ||    10
Armor: Robe              |     6 |       |    67 |     2 ||    75
       Leather armour    |    17 |    34 |    13 |       ||    64
Dodge: Dodged            |    42 |    62 |   151 |    18 ||   273
